 Dungeon Crawl Stone Soup version 0.20.2-3-g29329e0561 (webtiles) character file.

756 Alfie the Cutter (level 7, -3/60 HPs)
             Began as a Hill Orc Fighter on Sept 19, 2023.
             Killed by nerve-wracking pain
             ... invoked by a shadow imp
              (10 damage)
             ... on level 5 of the Dungeon.
             The game lasted 00:12:02 (3851 turns).

Alfie the Cutter (Hill Orc Fighter)                 Turns: 3851, Time: 00:12:03

Health: -3/60      AC:  8    Str: 21    XL:     7   Next: 79%
Magic:  7/7        EV:  8    Int:  8    God:
Gold:   201        SH: 10    Dex: 10    Spells: 5/6 levels left

rFire    . . .     SeeInvis .   a - +0 rapier
rCold    . . .     Gourm    .   c - +0 shield
rNeg     . . .     Faith    .   b - +0 scale mail
rPois    .         Spirit   .   (no helmet)
rElec    .         Reflect  .   (no cloak)
rCorr    .         Harm     .   (no gloves)
MR       .....                  e - +0 pair of boots
Stlth    ..........             (no amulet)
Regen    0.2/turn               (no ring)
MPRegen  0.1/turn               (no ring)

@: very slightly contaminated
A: no striking features
a: no special abilities


You were on level 5 of the Dungeon.
You were not hungry.

You visited 1 branch of the dungeon, and saw 5 of its levels.

You collected 201 gold pieces.

Inventory:

Hand Weapons
 a - a +0 rapier (weapon)
Armour
 b - a +0 scale mail (worn)
 c - a +0 shield (worn)
 e - a +0 pair of boots (worn)
Jewellery
 h - a cursed ring of loudness {unknown}
 j - an uncursed ring of fire
 y - an uncursed ring of protection from fire {unknown}
Wands
 f - a wand of flame (13/48)
Scrolls
 k - 2 scrolls of teleportation
 l - 5 scrolls of remove curse
 o - a scroll of recharging {unknown}
 q - 2 scrolls of magic mapping
 s - 2 scrolls of immolation {unknown}
 t - 4 scrolls of identify
 u - a scroll of fear {unknown}
 x - a scroll of amnesia {unknown}
Potions
 i - 2 potions of lignification
 m - a potion of curing {unknown}
 p - 2 potions of berserk rage
 r - a potion of brilliance
 v - a potion of invisibility
Comestibles
 d - 2 meat rations
 w - 2 bread rations


   Skills:
 + Level 4.9 Fighting
 + Level 5.4 Short Blades
 + Level 1.1 Throwing
 + Level 5.0 Armour
 + Level 1.6 Dodging
 + Level 0.5 Stealth
 + Level 5.2 Shields


You had 5 spell levels left.
You knew the following spells:

 Your Spells              Type           Power        Failure   Level  Hunger
a - Animate Skeleton      Necr           N/A          99%         1    ##.....


Dungeon Overview and Level Annotations

Branches:
Dungeon (5/15)
 Temple: D:4-7

Altars:
Gozag
Kikubaaqudgha
Nemelex Xobeh
Ru
Trog
Vehumet
Yredelemnul
The Shining One

Shops:
D:4 (

Annotations:
D:5 Alfie's ghost, novice HOFi


Message History

The shadow imp gestures at you. Pain shoots through your body!
* * * LOW HITPOINT WARNING * * *
You hit the shadow imp.
The shadow imp is lightly wounded.
The shadow imp closely misses you.
You closely miss the shadow imp.
The shadow imp is lightly wounded.
You feel a little less clever now. The shadow imp gestures at you.
Pain shoots through your body!
* * * LOW HITPOINT WARNING * * *
You puncture the shadow imp!
The shadow imp is almost dead.
The shadow imp hits you but does no damage.
You closely miss the shadow imp.
The shadow imp is almost dead.
The shadow imp gestures at you. Pain shoots through your body!
You die...

###
..#
#.#
#.#
#.#
#@#
#5#
..#
####


You could see a shadow imp.

Vanquished Creatures
  A phantom (D:4)
  The ghost of Alfie the Shield-Bearer, an amateur HOFi (D:3)
  A scorpion (D:4)
  An orc priest (D:3)
  A gnoll shaman (D:5)
  Jessica (D:3)
  3 orc wizards (D:5)
  A hound skeleton (D:3)
  9 gnolls
  15 adders
  A howler monkey skeleton (D:5)
  4 oozes
  An adder skeleton (D:5)
  2 worms
  6 leopard geckos
  9 orcs
  6 bats
  3 giant cockroaches
  7 goblins
  8 hobgoblins
  3 jackals (D:5)
  A quokka (D:2)
  5 ball pythons
  4 frilled lizards
  A giant cockroach zombie (D:5)
  2 jackal skeletons (D:4)
  6 kobolds
  A leopard gecko zombie (D:5)
  A quokka skeleton (D:5)
  10 rats
115 creatures vanquished.

Notes
Turn   | Place    | Note
-------+----------+-------------------------------------------
     0 | D:1      | Alfie the Hill Orc Fighter began the quest for the Orb.
     0 | D:1      | Reached XP level 1. HP: 19/19 MP: 1/1
   102 | D:1      | Reached XP level 2. HP: 27/27 MP: 2/2
   570 | D:1      | Reached XP level 3. HP: 33/33 MP: 3/3
   959 | D:2      | Reached XP level 4. HP: 24/40 MP: 4/4
  1412 | D:2      | Reached XP level 5. HP: 46/46 MP: 5/5
  1566 | D:2      | Found a sparkling altar of Nemelex Xobeh.
  1634 | D:2      | Found a sacrificial altar of Ru.
  1638 | D:2      | Found a basalt altar of Yredelemnul.
  2008 | D:3      | Noticed Alfie's ghost (amateur HOFi)
  2019 | D:3      | Killed Alfie's ghost
  2019 | D:3      | Reached skill level 1 in Dodging
  2019 | D:3      | Reached XP level 6. HP: 43/52 MP: 6/6
  2050 | D:3      | Found an opulent altar of Gozag.
  2088 | D:3      | Found an ancient bone altar of Kikubaaqudgha.
  2165 | D:3      | Noticed Jessica
  2170 | D:3      | Killed Jessica
  2202 | D:3      | Found a bloodstained altar of Trog.
  2816 | D:4      | Found a radiant altar of Vehumet.
  2967 | D:4      | Noticed a phantom
  3015 | D:4      | Killed a phantom
  3015 | D:4      | Reached XP level 7. HP: 59/60 MP: 7/7
  3055 | D:4      | Reached skill level 5 in Shields
  3136 | D:4      | Learned a level 1 spell: Animate Skeleton
  3138 | D:4      | Found Maere's Weapon Shoppe.
  3220 | D:4      | Found a glowing golden altar of the Shining One.
  3370 | D:4      | Reached skill level 5 in Short Blades
  3370 | D:4      | Reached skill level 1 in Throwing
  3547 | D:5      | Entered Level 5 of the Dungeon
  3705 | D:5      | Reached skill level 5 in Armour
  3829 | D:5      | Noticed Alfie's ghost (novice HOFi)
  3851 | D:5      | Killed from afar by a shadow imp

Skill      XL: |  1  2  3  4  5  6  7 |
---------------+----------------------+-----
Fighting       | 4 |  4.9
Short Blades   | 3 4 5 |  5.4
Armour         | 4 5 |  5.0
Shields        | 4 5 |  5.2
Dodging        | 1 |  1.6
Throwing       | 1 |  1.1
Stealth        | |  0.5

Action                   |  1- 3 |  4- 6 |  7- 9 || total
-------------------------+-------+-------+-------++-------
Melee: Rapier            |   108 |   282 |   135 ||   525
Throw: Tomahawk          |       |    12 |    10 ||    22
  Use: Potion            |       |     1 |     6 ||     7
       Scroll            |       |     4 |     1 ||     5
 Stab: Invisible         |       |       |     2 ||     2
  Eat: Royal jelly       |       |     3 |       ||     3
       Bread ration      |       |     1 |       ||     1
Armor: Scale mail        |    49 |   159 |    62 ||   270
       Skin              |       |       |    14 ||    14
Dodge: Dodged            |    23 |   101 |    47 ||   171
Block: Shield            |    57 |   160 |    83 ||   300
